 Dungeon Crawl Stone Soup version 0.29.1-13-g9f3cf754e1 (webtiles) character file.

Game seed: 13437971164627074716

18327 javelincjr the Thaumaturge (level 12, -33/68 HPs)
             Began as a Djinni Conjurer on Jan 19, 2023.
             Was a Follower of Hepliaklqana.
             Killed from afar by a frost giant (57 damage)
             ... with a bolt of cold
             ... in an ice cave.
             The game lasted 01:18:21 (15848 turns).

javelincjr the Thaumaturge (Djinni Conjurer)       Turns: 15848, Time: 01:18:23

Health: -33/68     AC: 12    Str:  8    XL:     12   Next: 93%
Gold:   780        EV: 12    Int: 30    God:    Hepliaklqana [*.....] SH:  4 Dex: 13

rFire   + + .      SeeInvis +   w - staff of conjuration
rCold   . . .      Faith    .   y - +0 buckler
rNeg    + . .      Spirit   .   N - +0 leather armour of Emacwem {Int+5 SInv}
rPois   ∞          Reflect  .   F - +0 helmet {Int+3}
rElec   .          Harm     .   m - +0 cloak
rCorr   .          Rampage  .   f - +1 pair of gloves
Will    +....                   (boots unavailable)
Stlth   +++.......              (no amulet)
HPRegen 0.21/turn               C - ring of protection from cold
MPRegen 0.00/turn               r - ring "Pytas" {rN+ MP+9 SInv}

@: flying
A: reduced essence, sickness immunity, fire resistance 2, cold vulnerability 1,
float, innate caster, HP casting, extra vitality 1, iridescent scales 2, subdued
magic 1
a: Renounce Religion, Recall Ancestor, Ancestor Identity


You were in an ice cave.
You worshipped Hepliaklqana.
Hepliaklqana was aware of your devotion.
You visited 2 branches of the dungeon, and saw 13 of its levels.
You also visited: Ice Cave.

You collected 780 gold pieces.

Inventory:

Hand Weapons
 b - a +4 dagger
 j - a +4 falchion
 s - a +2 falchion of freezing
 t - a +1 flail of protection
 K - a +4 spear
Armour
 f - a +1 pair of gloves (worn)
 m - a +0 cloak (worn)
 v - the +2 leather armour of the Wumpus {+Blink Dex+6}
   (You found it on level 3 of the Dungeon)

   Dex:       It affects your dexterity (+6).
   +Blink:    It lets you blink.
 y - a +0 buckler (worn)
 D - a +0 robe of cold resistance
 F - a +0 helmet of intelligence (worn)
 N - the +0 leather armour of Emacwem (worn) {Int+5 SInv}
   (You found it on level 8 of the Dungeon)

   Int:       It affects your intelligence (+5).
   SInv:      It lets you see invisible.
 P - +0 steam dragon scales
Magical Staves
 u - a staff of fire
 w - a staff of conjuration (weapon)
Jewellery
 r - the ring "Pytas" (right hand) {rN+ MP+9 SInv}
   (You found it on level 11 of the Dungeon)

   [ring of positive energy]

   rN:        It protects you from negative energy.
   MP:        It affects your magic capacity (+9).
   SInv:      It lets you see invisible.
 C - a ring of protection from cold (left hand)
Wands
 g - a wand of mindburst (21)
 o - a wand of paralysis (9)
 B - a wand of quicksilver (7)
 M - a wand of iceblast (7)
 O - a wand of digging (13)
Scrolls
 d - 2 scrolls of fog
 e - 3 scrolls of teleportation
 k - 2 scrolls of identify
 l - 3 scrolls of immolation
 q - 2 scrolls of vulnerability
 H - a scroll of brand weapon {unknown}
 J - a scroll of silence
 Q - 3 scrolls of poison
 R - 2 scrolls of enchant armour
 S - a scroll of blinking {unknown}
Potions
 a - 2 potions of mutation
 c - 5 potions of might
 h - a potion of cancellation
 i - 2 potions of invisibility
 n - a potion of resistance
 p - a potion of brilliance
 x - 2 potions of heal wounds
 z - 2 potions of berserk rage
 A - a potion of haste {unknown}
 E - 2 potions of ambrosia {unknown}
 G - a potion of curing
 I - 2 potions of attraction {unknown}


   Skills:
 + Level 3.3 Fighting
 + Level 3.7 Long Blades
 + Level 6.3 Armour
 + Level 4.5 Dodging
 + Level 5.0 Stealth
 + Level 1.0 Shields
 + Level 13.6 Spellcasting
 + Level 1.3 Evocations


You had 11 spell levels left.
You knew the following spells:

 Your Spells              Type           Power      Damage    Failure   Level
a - Magic Dart            Conj           100%       1d8       0%          1
b - Searing Ray           Conj           100%       2d8       0%          2
c - Dazzling Flash        Conj/Hex       100%       N/A       1%          3
d - Fulminant Prism       Conj/Hex       43%        3d20      1%          4
e - Iskenderun's Mystic   Conj/Tloc      87%        2d17      1%          4
f - Freeze                Ice            100%       1d11      0%          1
g - Passwall              Tmut/Erth      56%        N/A       0%          2
h - Gell's Gravitas       Tloc           68%        N/A       1%          3
i - Conjure Flame         Conj/Fire      87%        6-21      1%          3
j - Flame Wave            Conj/Fire      87%        2d19      1%          4
Your spell library was empty.

Dungeon Overview and Level Annotations

Branches:
Dungeon (12/15)            Temple (1/1) D:6            Lair (0/5) D:8
    Orc (0/2) D:12          IceCv (1/1)

Altars:
Ashenzari
Cheibriados
Dithmenos
Elyvilon
Fedhas
Gozag
Hepliaklqana
Makhleb
Nemelex Xobeh
Okawaru
Qazlal
Ru
Trog
Uskayaw
Wu Jian
Xom
Yredelemnul
Zin
The Shining One

Shops:
D:1 [   D:5 *

Portals:
Abyss: D:6
Trove: D:10 (show abyssal rune of Zot)

Annotations:
D:6 2 transporters, retardedninja's ghost, novice MiFi IceCv exclusion: ice statue


Innate Abilities, Weirdness & Mutations

Your life essence is reduced to manifest your ancestor. (-10% HP)
You are immune to sickness and miasma.
You are immune to poison.
Your flesh is very heat resistant. (rF++)
You are vulnerable to cold. (rC-)
You float through the air rather than walking.
You learn spells naturally, not from books.
Your magical power is your life essence.
You have superior vitality. (+4 MHP)
You are mostly covered in iridescent scales. (AC +4)
Your spells are a little easier to cast, but a little less powerful.


Message History

Your fulminant prism crackles loudly.
Something gores your fulminant prism! The wolf bites your fulminant prism.
The wolf bites your fulminant prism!
Your fulminant prism explodes!
The blast of energy engulfs the polar bear!!
You kill the polar bear!
The blast of energy engulfs the wolf!
The wolf is severely wounded.
You hear a howl!
Casting: Fulminant Prism (safe; 1% risk of failure)
Confirm with . or Enter, or press ? or * to list all spells.
Aiming: Fulminant Prism (safe; 1% risk of failure)
Press: ? - help, Dir - move target You feel a surge of power!
You conjure a prism of explosive energy!
A fulminant prism comes into view.
The wolf pauses to sniff the ground.
Something hits your fulminant prism! Something freezes your fulminant prism.
Something hits your fulminant prism!! Something freezes your fulminant prism.
Your fulminant prism detonates feebly.
Casting: Fulminant Prism (safe; 1% risk of failure)
Confirm with . or Enter, or press ? or * to list all spells.
Aiming: Fulminant Prism (safe; 1% risk of failure)
Press: ? - help, Dir - move target You feel a surge of power!
You conjure a prism of explosive energy!
A fulminant prism comes into view.
You hear a howl!
You start resting.
Something hits Londisizwe!!
Something freezes Londisizwe.
Something hits Londisizwe!
Something freezes Londisizwe.
You start resting.
A frost giant is nearby!
The frost giant casts a spell at you.
The bolt of cold hits Londisizwe!!
Londisizwe resists.
Londisizwe is destroyed!
The bolt of cold hits you!!!
Ouch! That really hurt!
You die...

.. #. #. ##. ..###..
### ....... #≈#
..Y..h.##≈## ####
#C#≈≈# ##@.## ####
#≈*≈≈###.#..###..####
#≈≈≈≈.#...#..#.#..#R##
#
#≈≈#.#C.####....#..#R##
#. #####.###
########...##.. ###
##.#..#. ##..#!. #.#.#.
#### ##.#..


You could see a frost giant.

Vanquished Creatures
  A hydra (D:11)
  4 two-headed ogres
  A death yak (IceCv)
  Pikel (D:4)
  2 manticores
  2 ugly things
  3 rime drakes (IceCv)
  A kobold demonologist (D:12)
  The ghost of KittyFluff the Cudgeller, a novice GrBe of Trog (D:7)
  A hornet (D:9)
  2 polar bears (IceCv)
  The ghost of OTABOTABOTAB the Caller, an amateur OpSu (D:4)
  A shadow (D:10)
  A wraith (D:9)
  A wyvern (D:9)
  19 yaks
  2 steam dragons
  4 vampire mosquitoes
  Edmund (D:4)
  3 wargs (D:8)
  3 acid dragons
  A water moccasin (D:6)
  An ice beast (D:8)
  3 orc warriors
  A sky beast (D:8)
  2 ogres
  3 black bears
  5 wolves (IceCv)
  4 centaurs
  4 lemures (D:4)
  2 phantoms
  5 kobold brigands
  3 bullfrogs
  A necrophage (D:5)
  5 scorpions
  8 wights
  6 killer bees (D:7)
  3 howler monkeys (D:10)
  4 hounds
  6 orc priests
  3 iguanas
  11 orc wizards
  5 adders
  A shadow imp (D:5)
  4 white imps
  An ufetubus (D:4)
  4 dart slugs
  45 orcs
  3 endoplasms
  3 giant cockroaches
  9 goblins
  7 hobgoblins
  3 jackals (D:4)
  6 quokkas
  11 ball pythons
  7 bats
  6 frilled lizards
  18 kobolds
  7 rats
  A fulminant prism (IceCv)
277 creatures vanquished.

Vanquished Creatures (collateral kills)
  A manticore (D:12)
  An unseen horror (D:12)
  A rime drake (IceCv)
  3 polar bears (IceCv)
  A wolf (IceCv)
7 creatures vanquished.

Vanquished Creatures (others)
  4 ancestors
  142 fulminant prisms
146 creatures vanquished.

Grand Total: 430 creatures vanquished

Notes
Turn   | Place    | Note
-------+----------+-------------------------------------------
     0 | D:1      | javelincjr the Djinni Conjurer began the quest for the Orb.
     0 | D:1      | javelincjr set off with the following spells memorised:
                  | Magic Dart, Searing Ray, Dazzling Flash, Fulminant Prism,
                  | Iskenderun's Mystic Blast.
     0 | D:1      | Reached XP level 1. HP: 15/15 MP: 0/0
   265 | D:1      | Reached XP level 2. HP: 19/21 MP: 0/0
   831 | D:1      | Reached XP level 3. HP: 23/25 MP: 0/0
   831 | D:1      | Learned a level 1 spell: Freeze
   981 | D:1      | Found Zucaes's Antique Armour Emporium.
  1575 | D:2      | You are sucked into a shaft and drop 2 floors!
  1589 | D:4      | Reached skill level 4 in Spellcasting
  1631 | D:4      | Reached XP level 4. HP: 21/31 MP: 0/0
  1986 | D:4      | Noticed a phantom
  2010 | D:4      | Killed a phantom
  2011 | D:4      | Reached XP level 5. HP: 19/35 MP: 0/0
  2011 | D:4      | Learned a level 2 spell: Passwall
  2175 | D:4      | Reached skill level 5 in Spellcasting
  2182 | D:4      | Reached XP level 6. HP: 10/40 MP: 0/0
  2660 | D:4      | Noticed Edmund
  2701 | D:4      | Killed Edmund
  2952 | D:4      | Noticed Pikel
  3034 | D:3      | Identified the +2 leather armour of the Wumpus {+Blink
                  | Dex+6}
  3472 | D:2      | Reached XP level 7. HP: 38/45 MP: 0/0
  3472 | D:2      | Learned a level 3 spell: Gell's Gravitas
  3967 | D:3      | Reached skill level 6 in Spellcasting
  4650 | D:4      | Found a runed translucent door.
  4651 | D:4      | Noticed OTABOTABOTAB's ghost (amateur OpSu)
  4660 | D:4      | Killed OTABOTABOTAB's ghost
  4661 | D:4      | Reached skill level 1 in Armour
  4661 | D:4      | Reached XP level 8. HP: 39/50 MP: 0/0
  5199 | D:4      | Killed Pikel
  5200 | D:4      | Reached skill level 1 in Long Blades
  5200 | D:4      | Reached skill level 7 in Spellcasting
  5559 | D:5      | Entered Level 5 of the Dungeon
  5610 | D:5      | Found Hirghif's Neck Hole.
  5916 | D:5      | Reached skill level 1 in Fighting
  5916 | D:5      | Reached XP level 9. HP: 37/57 MP: 0/0
  5916 | D:5      | Learned a level 3 spell: Conjure Flame
  6799 | D:6      | Reached skill level 8 in Spellcasting
  6910 | D:6      | Found a staircase to the Ecumenical Temple.
  6927 | Temple   | Entered the Ecumenical Temple
  7117 | Temple   | Gained mutation: You are partially covered in iridescent
                  | scales. (AC +2) [potion of mutation]
  7117 | Temple   | Gained mutation: Your spells are a little easier to cast,
                  | but a little less powerful. [potion of mutation]
  7117 | Temple   | Gained mutation: You are mostly covered in iridescent
                  | scales. (AC +4) [potion of mutation]
  7434 | D:6      | Reached skill level 1 in Evocations
  7515 | D:6      | Found a transporter.
  7519 | D:6      | Noticed retardedninja's ghost (novice MiFi)
  7539 | D:6      | Found a one-way gate to the infinite horrors of the Abyss.
  7600 | D:6      | Found a transporter.
  7877 | D:6      | Found a runed translucent door.
  8553 | D:7      | Reached skill level 9 in Spellcasting
  8572 | D:7      | Reached XP level 10. HP: 41/63 MP: 0/0
  8717 | D:7      | Found a runed translucent door.
  8717 | D:7      | Noticed KittyFluff's ghost (novice GrBe)
  8753 | D:7      | Killed KittyFluff's ghost
 10368 | D:8      | Reached skill level 10 in Spellcasting
 10665 | D:8      | Found a staircase to the Lair.
 11009 | D:8      | Identified the +0 leather armour of Emacwem {Int+5 SInv}
 11279 | D:9      | Noticed a two-headed ogre
 11646 | D:9      | Noticed a cyan ugly thing
 11658 | D:9      | Killed a cyan ugly thing
 11659 | D:9      | Reached XP level 11. HP: 58/70 MP: 0/0
 11659 | D:9      | Learned a level 4 spell: Flame Wave
 11816 | D:9      | Killed a two-headed ogre
 11817 | D:9      | Reached skill level 5 in Armour
 11921 | D:9      | Found a broken altar of Ashenzari.
 11932 | D:9      | Found a blossoming altar of Fedhas.
 11934 | D:9      | Found an iron altar of Okawaru.
 12253 | D:9      | Reached skill level 11 in Spellcasting
 12724 | D:10     | Entered Level 10 of the Dungeon
 13188 | D:10     | Found a hide-covered altar of Uskayaw.
 13348 | D:10     | Found a stormy altar of Qazlal.
 13349 | D:10     | Found a portal to a secret trove of treasure.
 13351 | D:10     | Found a basalt altar of Yredelemnul.
 13351 | D:10     | Found a snail-covered altar of Cheibriados.
 13351 | D:10     | Found a hazy altar of Hepliaklqana.
 13363 | D:10     | Became a worshipper of Hepliaklqana the Forgotten
 14112 | D:11     | Reached skill level 12 in Spellcasting
 14227 | D:11     | Noticed a manticore
 14236 | D:11     | Killed a manticore
 14326 | D:11     | Identified the ring "Pytas" {rN+ MP+9 SInv}
 14414 | D:11     | Reached * piety under Hepliaklqana
 14449 | D:11     | Noticed a seven-headed hydra
 14450 | D:11     | Noticed a two-headed ogre
 14472 | D:11     | Killed a two-headed ogre
 14473 | D:11     | Reached XP level 12. HP: 42/68 MP: 0/0
 14482 | D:11     | Killed a seven-headed hydra
 14867 | D:12     | Noticed a two-headed ogre
 14883 | D:12     | Killed a two-headed ogre
 15009 | D:12     | Reached skill level 5 in Stealth
 15023 | D:12     | Noticed a two-headed ogre
 15035 | D:12     | Killed a two-headed ogre
 15036 | D:12     | Reached skill level 13 in Spellcasting
 15334 | D:12     | Found a frozen archway.
 15343 | IceCv    | Entered an ice cave
 15642 | IceCv    | Noticed a death yak
 15661 | IceCv    | Killed a death yak
 15662 | IceCv    | Reached skill level 1 in Shields
 15825 | IceCv    | Noticed a frost giant
 15825 | IceCv    | Noticed a death yak
 15848 | IceCv    | Killed from afar by a frost giant

Illustrated notes

Levels and vault maps discovered:
D:1:      eino_arrival_water_cross, layout_loops_corners, serial_shops, shop,
          chequers_serial_rivers_room_a, st_stairs_14
D:2:      layout_loops_ring
D:3:      layout_loops_ring, corexii_item_surrounded_by_moat,
          minmay_splitting_lines, dk_noncrumbling_4, minmay_diced_spiral
D:4:      layout_loops_ring, gammafunk_ghost_grave, grunt_ministairs_9,
          uniq_edmund, uniq_pikel
D:5:      layout_loops_ring, nicolae_shop_sticking_my_neck_out
D:6:      layout_loops_corners, minmay_temple_entry_slanted,
          gammafunk_ghost_abyssal_escape, lightli_church_of_beogh
D:7:      layout_gridville, ebering_ghost_inner_flame
D:8:      layout_rooms, erik_lair_orcish_takeover,
          nicolae_concentric_dashed_squares_wild
D:9:      layout_roguey, mainiacjoe_overflow_divided_tiny,
          mainiacjoe_overflow_cross_hatched, minmay_misc_feat_ornament
D:10:     layout_long_grid, grunt_temple_overflow_open,
          nicolae_trove_entry_crossroad, uniq_maurice
D:11:     layout_roguey
D:12:     layout_layer_cave, orc_0_dummy, portal_ice_cave_entry_pillars_2
Temple:   hellmonk_temple_flake
IceCv:    ice_cave_small_giant

Skill      XL: |  1  2  3  4  5  6  7  8  9 10 11 12 |
---------------+-------------------------------------+-----
Spellcasting   | 4 5 6 7 9 10 12 13 | 13.6
Stealth        | 2 3 4 5 |  5.0
Armour         | 1 2 4 5 6 |  6.3
Long Blades    | 1 2 3 |  3.7
Fighting       | 1 2 3 |  3.3
Evocations     | 1 |  1.3
Dodging        | 3 4 |  4.5
Shields        | 1 |  1.0

Action                   |  1- 3 |  4- 6 |  7- 9 | 10-12 || total
-------------------------+-------+-------+-------+-------++-------
Melee: Falchion          |       |     2 |     7 |    23 ||    32
       Dagger            |       |     2 |       |       ||     2
 Cast: Magic Dart        |    68 |    46 |    40 |    17 ||   171
       Freeze            |       |     3 |       |       ||     3
       Searing Ray       |       |     9 |    12 |       ||    21
       Fulminant Prism   |       |     7 |    27 |   109 ||   143
       Iskenderun's Myst |       |     1 |    31 |    71 ||   103
       Gell's Gravitas   |       |       |     4 |     5 ||     9
       Flame Wave        |       |       |       |     1 ||     1
 Abil: Evoke Blink       |       |       |     1 |       ||     1
  Use: Scroll            |       |       |    15 |     9 ||    24
       Potion            |       |       |     2 |       ||     2
Armor: Robe              |       |     7 |       |       ||     7
       Leather armour    |       |       |     6 |    20 ||    26
Dodge: Dodged            |     2 |    10 |    13 |    31 ||    56
Block: Buckler           |       |       |       |     4 ||     4
